 Dungeon Crawl Stone Soup version 0.22-a0-48-g8770677 (webtiles) character file.

8586 shenanigans the Nimble (level 11, 0/86 HPs)
             Began as a Barachi Skald on Jan 7, 2018.
             Was a Priest of Makhleb.
             Killed from afar by Erica (15 damage)
             ... with an orb of energy
             ... on level 10 of the Dungeon.
             The game lasted 00:37:05 (12634 turns).

shenanigans the Nimble (Barachi Skald)             Turns: 12634, Time: 00:37:05

Health: 0/86       AC: 12    Str: 13    XL:     11   Next: 33%
Magic:  14/14      EV: 10    Int: 16    God:    Makhleb [***...]
Gold:   403        SH: 16    Dex: 12    Spells: 13/14 levels left

rFire    . . .     SeeInvis .   a - +2 war axe (elec)
rCold    + . .     Gourm    .   j - +1 large shield
rNeg     . . .     Faith    +   w - +0 scale mail
rPois    .         Spirit   .   h - +0 helmet (curse)
rElec    .         Reflect  .   E - +0 cloak
rCorr    .         Harm     .   (no gloves)
MR       .....                  B - +0 pair of boots
Stlth    ..........             p - amulet of faith
HPRegen  0.24/turn              m - ring of protection from cold
MPRegen  0.14/turn              v - ring of flight

@: slowed, very slow
A: +LOS, swims, slowness 1, strong legs 1
a: Hop, Minor Destruction, Lesser Servant of Makhleb, Renounce Religion, Evoke
Flight


You were on level 10 of the Dungeon.
You worshipped Makhleb.
Makhleb was most pleased with you.
You were not hungry.

You visited 2 branches of the dungeon, and saw 12 of its levels.

You collected 403 gold pieces.

Inventory:

Hand Weapons
 a - a +2 war axe of electrocution (weapon)
 b - a +4 flail of protection
 k - the +4 whip of Idaos {antimagic, *Drain rPois Int+4}
   (You found it on level 9 of the Dungeon)

   It reduces the magical energy of the wielder, and disrupts the spells and
   magical abilities of those hit.
   Natural abilities and divine invocations are not affected.
   It affects your intelligence (+4).
   It protects you from poison.
   It causes draining when unequipped.
 t - a +0 hand axe
 D - a +0 war axe
 G - a +1 hand axe of electrocution
 K - a +1 broad axe
Armour
 e - a +0 hat of intelligence
 h - a cursed +0 helmet (worn)
 j - a +1 large shield (worn)
 u - a +0 plate armour
 w - a +0 scale mail (worn)
 B - a +0 pair of boots (worn)
 C - +0 swamp dragon scales
 E - a +0 cloak (worn)
Jewellery
 m - a ring of protection from cold (left hand)
 p - an amulet of faith (around neck)
 v - a ring of flight (right hand)
Wands
 o - a wand of iceblast (5)
 I - a wand of scattershot (3)
Scrolls
 g - 2 scrolls of teleportation
 i - 8 scrolls of remove curse
 l - 2 scrolls of enchant weapon
 n - 4 scrolls of amnesia
 r - a scroll of fear
 s - a scroll of enchant armour
 x - 3 scrolls of identify
Potions
 c - a potion of lignification {unknown}
 f - 2 potions of brilliance
 A - 2 potions of flight {unknown}
 F - 3 potions of agility {unknown}
Books
 y - a book of Battle

   Spells                             Type                      Level
   a - Infusion                       Charms                       1
   b - Shroud of Golubria             Charms/Translocation         2
   c - Song of Slaying                Charms                       2
   d - Spectral Weapon                Hexes/Charms                 3
   e - Regeneration                   Charms/Necromancy            3
Comestibles
 d - 20 rations


   Skills:
 + Level 7.8 Fighting
 + Level 9.5 Axes
 + Level 7.5 Armour
 + Level 9.5 Dodging
 + Level 8.2 Shields
 - Level 2.1 Spellcasting
 - Level 3.2 Charms
 - Level 4.1 Invocations


You had 13 spell levels left.
You knew the following spells:

 Your Spells              Type           Power        Failure   Level  Hunger
a - Infusion              Chrm           ##..         87%         1    #......


Dungeon Overview and Level Annotations

Branches:
Dungeon (11/15)            Temple (1/1) D:4
   Lair: D:8-11         Orc: D:9-12

Altars:
Ashenzari
Cheibriados
Dithmenos
Elyvilon
Fedhas
Gozag
Hepliaklqana
Kikubaaqudgha
Makhleb
Nemelex Xobeh
Okawaru
Qazlal
Ru
Sif Muna
Trog
Uskayaw
Vehumet
Wu Jian
Xom
Yredelemnul
Zin
The Shining One

Shops:
D:4 *

Annotations:
D:5 Prince Ribbit
D:10 Erica


Innate Abilities, Weirdness & Mutations

Shadows flee at your approach. (+LOS)
You can swim through water.
You cover ground slowly.
You can hop short distances.


Message History

The orb of energy explodes!
Something hits you.
* * * LOW HITPOINT WARNING * * *
Something burns you.
* * * LOW HITPOINT WARNING * * *
Okay, then.
You feel better. You block something's attack.
Unknown command.
You closely miss something.
You hear some strange, mumbled words.
A bolt of poison appears from out of thin air!
The bolt of poison hits you!
You are poisoned.
* * * LOW HITPOINT WARNING * * *
You hear some strange, mumbled words.
Something tries to affect you, but you resist.
You feel better.
You hear some strange, mumbled words.
An orb of energy appears from out of thin air!
The orb of energy hits you!
You die...

######################
#....@{........#......
#..............#......
#..............#......
##'###..##.....#######
#...#...#......#......
#...#...#......'......
#...#...#......#......
##'##...########.....#
#............###.###.#


There were no monsters in sight!

Vanquished Creatures
  Gastronok (D:9)
  2 two-headed ogres
  Psyche (D:8)
  A hornet (D:10)
  2 hippogriffs
  Sigmund (D:2)
  A wyvern (D:10)
  Eustachio (D:4)
  Edmund (D:5)
  An ice beast (D:9)
  2 sky beasts
  3 orc warriors (D:6)
  3 black bears
  A necrophage (D:9)
  3 phantoms
  A hornet zombie (D:8)
  7 ogres
  3 centaurs
  3 bullfrogs
  2 big kobolds
  Blork the orc (D:6)
  A wyvern skeleton (D:10)
  5 scorpions
  A killer bee (D:9)
  8 wights
  4 howler monkeys
  4 crimson imps
  A bullfrog zombie (D:4)
  A centaur skeleton (D:8)
  A jelly (D:6)
  2 hounds (D:9)
  An orc priest (D:4)
  3 orc wizards
  3 bullfrog skeletons
  Natasha (thrice) (D:4)
  2 iguanas
  4 worker ants
  A hound zombie (D:5)
  A hound skeleton (D:7)
  7 gnolls
  2 howler monkey skeletons (D:7)
  A worker ant zombie (D:9)
  8 adders
  2 shadow imps
  An ooze (D:3)
  6 worms
  3 dart slugs
  2 leopard geckos
  13 orcs
  8 bats
  6 giant cockroaches
  8 goblins
  2 hobgoblins
  5 jackals (D:1)
  5 quokkas
  8 ball pythons
  3 frilled lizards (D:1)
  A jackal skeleton (D:4)
  19 kobolds
  6 rats
203 creatures vanquished.

Notes
Turn   | Place    | Note
-------+----------+-------------------------------------------
     0 | D:1      | shenanigans the Barachi Skald began the quest for the Orb.
     0 | D:1      | Reached XP level 1. HP: 17/17 MP: 3/3
   172 | D:1      | Reached XP level 2. HP: 23/23 MP: 1/5
   813 | D:1      | Reached XP level 3. HP: 24/28 MP: 3/6
   957 | D:2      | Noticed Natasha
  1453 | D:2      | Noticed Sigmund
  1474 | D:2      | Killed Sigmund
  1474 | D:2      | Reached XP level 4. HP: 10/35 MP: 0/7
  1474 | D:2      | Reached XP level 5. HP: 11/41 MP: 0/8
  1779 | D:2      | Found a blossoming altar of Fedhas.
  2623 | D:3      | Reached XP level 6. HP: 46/47 MP: 9/9
  3015 | D:3      | Found a sparkling altar of Nemelex Xobeh.
  3062 | D:3      | Found an ancient bone altar of Kikubaaqudgha.
  3216 | D:4      | Reached skill level 5 in Shields
  3219 | D:4      | Noticed a dagger
  3221 | D:4      | Noticed a dagger
  3222 | D:4      | Found a hide-covered altar of Uskayaw.
  3223 | D:4      | Found a staircase to the Ecumenical Temple.
  3236 | Temple   | Entered the Ecumenical Temple
  3374 | Temple   | Became a worshipper of Makhleb the Destroyer
  3386 | D:4      | Killed Natasha
  3438 | D:4      | Reached XP level 7. HP: 50/52 MP: 10/10
  3574 | D:4      | Found an iron altar of Okawaru.
  3576 | D:4      | Noticed a hippogriff
  3875 | Temple   | Killed a hippogriff
  3875 | Temple   | Reached skill level 1 in Invocations
  4110 | D:4      | Noticed Natasha
  4125 | D:4      | Killed Natasha
  4436 | D:4      | Found Caiwk's Serpentskin Sales.
  4448 | D:4      | Noticed Natasha
  4461 | D:4      | Killed Natasha
  4693 | D:4      | Reached * piety under Makhleb
  4893 | D:5      | Entered Level 5 of the Dungeon
  4897 | D:5      | Found a white marble altar of Elyvilon.
  4968 | D:5      | Reached XP level 8. HP: 59/60 MP: 11/11
  5084 | D:5      | Noticed Eustachio
  5297 | D:4      | Killed Eustachio
  5553 | D:5      | Reached skill level 5 in Axes
  5553 | D:5      | Reached skill level 5 in Dodging
  6243 | D:5      | Noticed Edmund
  6280 | D:5      | Killed Edmund
  6519 | D:5      | Noticed Prince Ribbit
  7189 | D:6      | Reached XP level 9. HP: 67/67 MP: 12/12
  7246 | D:6      | Reached skill level 5 in Fighting
  7946 | D:6      | HP: 1/68 [orc warrior/falchion (15)]
  8236 | D:6      | Noticed Blork the orc
  8765 | D:6      | Killed Blork the orc
  8958 | D:7      | Reached skill level 5 in Armour
 10032 | D:8      | Noticed a two-headed ogre
 10038 | D:8      | Killed a two-headed ogre
 10038 | D:8      | Reached XP level 10. HP: 72/76 MP: 13/13
 10100 | D:8      | Reached ** piety under Makhleb
 10130 | D:8      | Noticed Psyche
 10139 | D:8      | Killed Psyche
 10394 | D:9      | Noticed Gastronok
 10425 | D:9      | Killed Gastronok
 10587 | D:9      | Got a crystal whip
 10588 | D:9      | Identified the +4 whip of Idaos {antimagic, *Drain rPois Int+4} (You found it on level 9 of the Dungeon)
 10740 | D:9      | Found a sacrificial altar of Ru.
 10910 | D:9      | Found a shimmering altar of Xom.
 11016 | D:9      | Reached XP level 11. HP: 84/84 MP: 14/14
 11366 | D:9      | Found a glowing silver altar of Zin.
 11366 | D:9      | Found a deep blue altar of Sif Muna.
 11460 | D:10     | Entered Level 10 of the Dungeon
 11474 | D:10     | Reached *** piety under Makhleb
 11511 | D:10     | Found a stormy altar of Qazlal.
 11798 | D:10     | Paralysed by a hornet for 1 turns
 12562 | D:10     | Noticed a two-headed ogre
 12570 | D:10     | Killed a two-headed ogre
 12611 | D:11     | Noticed Erica
 12627 | D:11     | Noticed an orc knight
 12634 | D:10     | Killed from afar by Erica

Vault maps used:
D:1:      lemuel_arrival_room
D:2:      minivault_14, fedhas_altar_2, uniq_natasha, uniq_sigmund
D:3:      kiku_gazebo_pond_becter, lemuel_doored_altar
D:4:      okawaru_gym_becter, dancing_weapons_uskayaw,
          minmay_temple_entry_overgrown, portal_sewer_entry_e,
          guppyfry_shop_venom
D:5:      cheibrodos_helix_gallery, basic_altar, first_ration, uniq_edmund,
          uniq_eustachio, uniq_prince_ribbit1
D:6:      minivault_4, kennysheep_another_room, sword_in_stone
D:7:      cheibrodos_quashed, grunt_ogre_cave, minmay_misc_feat_five
D:8:      cheibrodos_two_vegetables, uniq_psyche
D:9:      tgw_xom, minitemple, st_stairs_1, uniq_gastronok
D:10:     grunt_qazlal_clouds
D:11:     lair_entry_dummy, orc_0_dummy, minmay_the_grid_square_5x5_3x3_mashed,
          uniq_erica, uniq_erolcha
Temple:   dshaligram_water_room_temple

Skill      XL: |  1  2  3  4  5  6  7  8  9 10 11 |
---------------+----------------------------------+-----
Armour         | 2 3 4 5 6 7 |  7.5
Fighting       | 3 4 6 7 |  7.8
Shields        | 4 5 6 7 8 |  8.2
Axes           | 3 4 6 7 9 |  9.5
Dodging        | 3 4 6 7 9 |  9.5
Invocations    | 1 2 3 4 |  4.1
Spellcasting   | |  2.1
Charms         | |  3.2

Action                   |  1- 3 |  4- 6 |  7- 9 | 10-12 || total
-------------------------+-------+-------+-------+-------++-------
Melee: Hand axe          |    90 |   145 |    81 |   163 ||   479
       War axe           |       |       |   252 |   113 ||   365
       Flail             |       |       |   140 |       ||   140
       Unarmed           |       |       |    25 |       ||    25
 Cast: Infusion          |     5 |       |     1 |       ||     6
 Abil: Hop               |     1 |       |     3 |       ||     4
Evoke: Wand              |       |     8 |     4 |     4 ||    16
  Use: Potion            |     2 |       |     8 |     4 ||    14
       Scroll            |       |     3 |     1 |     8 ||    12
 Stab: Invisible         |       |       |     4 |     2 ||     6
  Eat: Ration            |     1 |       |     3 |     1 ||     5
       Chunk             |       |     6 |    13 |     7 ||    26
Armor: Leather armour    |    30 |     2 |       |       ||    32
       Ring mail         |       |    25 |    49 |       ||    74
       Scale mail        |       |       |   130 |    72 ||   202
Dodge: Dodged            |    92 |    40 |   139 |    70 ||   341
Block: Large shield      |       |    96 |   404 |   205 ||   705

Table legend:
 A = Spawn XP
 B = Non-spawn XP
 C = Spawn XP percentage of total XP
 D = Spawn monster count
 E = Non-spawn monster count
 F = Spawn count percentage of total count
 G = Total turns spent on level
                    A         B        C        D         E        F      G
               +---------+---------+-------+---------+---------+-------+---------
         Total |       0 |   12266 |   0.0 |       0 |     203 |   0.0 | 12634
               +---------+---------+-------+---------+---------+-------+---------
           D:1 |       0 |      39 |   0.0 |       0 |      22 |   0.0 |  1295
           D:2 |       0 |     252 |   0.0 |       0 |      13 |   0.0 |  1165
           D:3 |       0 |     118 |   0.0 |       0 |      18 |   0.0 |   751
           D:4 |       0 |     702 |   0.0 |       0 |      26 |   0.0 |  1435
           D:5 |       0 |     820 |   0.0 |       0 |      14 |   0.0 |  1967
           D:6 |       0 |    1097 |   0.0 |       0 |      19 |   0.0 |  1681
           D:7 |       0 |     753 |   0.0 |       0 |      12 |   0.0 |  1069
           D:8 |       0 |    1928 |   0.0 |       0 |      12 |   0.0 |   331
           D:9 |       0 |    3408 |   0.0 |       0 |      31 |   0.0 |  1118
          D:10 |       0 |    2874 |   0.0 |       0 |      33 |   0.0 |  1157
        Temple |       0 |     275 |   0.0 |       0 |       3 |   0.0 |   648
               +---------+---------+-------+---------+---------+-------+---------
